 Dungeon Crawl Stone Soup version 0.17-a0-755-g4391640 (webtiles) character file.

2723 wvc the Basher (level 9, -2/92 HPs)
             Began as an Ogre Wanderer on Apr 22, 2015.
             Was a Believer of Okawaru.
             Killed by divine providence
             ... invoked by an orc priest
              (12 damage)
             ... on level 7 of the Dungeon.
             The game lasted 00:15:11 (8327 turns).

wvc the Basher (Ogre Wanderer)                      Turns: 8327, Time: 00:15:13

Health: -2/92      AC:  3    Str: 20    XL:     9   Next: 67%
Magic:  9/9        EV: 14    Int: 10    God:    Okawaru [**....]
Gold:   287        SH:  0    Dex: 12    Spells: 0 memorised, 8 levels left

rFire  + . .     SeeInvis .     v - +0 giant club
rCold  . . .     Clarity  .     h - +0 animal skin
rNeg   . . .     SustAb   .     (no shield)
rPois  .         Gourm    .     (helmet restricted)
rElec  .         Spirit   .     (no cloak)
rCorr  .         Warding  .     (gloves unavailable)
rMut   .         Stasis   .     (boots unavailable)
MR     .....                    (no amulet)
Stlth  ++........               (no ring)
                                f - ring of protection from fire

@: lethally poisoned (-2 -> -4), heroism, not resistant to hostile enchantments,
unstealthy
A: unfitting armour, tough skin 1
a: Heroism, Renounce Religion


You were on level 7 of the Dungeon.
You worshipped Okawaru.
Okawaru was pleased with you.
You were not hungry.

You visited 1 branch of the dungeon, and saw 7 of its levels.

You collected 287 gold pieces.

Inventory:

Hand weapons
 d - a +0 flail
 g - a +3 whip of freezing
 m - a +0 mace
 v - a +0 giant club (weapon)
Missiles
 o - 4 curare-tipped needles
 q - 8 needles of sleeping
 u - 34 poisoned needles
 z - 2 throwing nets (quivered)
Armour
 h - a +0 animal skin (worn)
Jewellery
 f - a ring of protection from fire (left hand)
Magical devices
 a - a wand of enslavement (15)
 r - a wand of frost (14)
 s - a wand of confusion (26)
 B - a wand of cold (11)
Scrolls
 c - 3 scrolls of teleportation
 k - a scroll of magic mapping
 t - 4 scrolls of identify
 A - a scroll of immolation
Potions
 b - a potion of haste {unknown}
 i - a potion of curing {unknown}
 l - a potion of restore abilities {unknown}
 n - a potion of magic {unknown}
 p - a potion of cancellation {unknown}
 C - a potion of invisibility {unknown}
Books
 y - a book of Ice

   Spells                             Type                      Level
   a - Ice Form                       Ice/Transmutation            4
   b - Metabolic Englaciation         Hexes/Ice                    5
   c - Ozocubu's Refrigeration        Ice                          6
   d - Bolt of Cold                   Conjuration/Ice              6
   e - Freezing Cloud                 Conjuration/Ice/Air          6
   f - Simulacrum                     Ice/Necromancy               6
Comestibles
 e - 3 bread rations
 j - a meat ration
 x - a beef jerky


   Skills:
 + Level 6.7(11.7) Fighting
 * Level 14.1(19.1) Maces & Flails
   Level 2.0(7.0) Polearms
 + Level 4.1(9.1) Dodging
 - Level 1.0(6.0) Stealth
   Level 1.0(6.0) Shields
 + Level 0.9 Invocations
 - Level 1.0 Evocations


You had 8 spell levels left.
You didn't know any spells.

Dungeon Overview and Level Annotations

Branches:
Dungeon (7/15)
 Temple: D:4-7

Altars:
Ashenzari
Cheibriados
Elyvilon
Makhleb
Nemelex Xobeh
Okawaru
Qazlal
Sif Muna
Vehumet


Innate Abilities, Weirdness & Mutations

You are too large for most types of armour.
You have tough skin (AC +1).


Message History

Unknown command.
You see here a killer bee corpse.
You feel sick. Something hits you.
* * * LOW HITPOINT WARNING * * *
You feel sick.
You hear some strange, mumbled words.
A puff of frost appears from out of thin air!
The puff of frost hits you!
* * * LOW HITPOINT WARNING * * *
You feel sick.
You feel sick. Something hits you but does no damage.
A killer bee comes into view.
You feel sick.
You hear some strange, mumbled words.
A puff of flame appears from out of thin air!
The puff of flame hits you! You resist.
* * * LOW HITPOINT WARNING * * *
The orc priest invokes the aid of Beogh against you.
Something smites you!
You die...

#.# #.# # #o# #. #)#
##.# #o# # ...###†# ...
...#.#
#...#.#.############.#.
#....%^oo...@<........
####.#.###############
#...# #####


You could see an orc priest and an orc.

Vanquished Creatures
  Grinder (D:5)
  Sigmund (D:3)
  3 yaks (D:6)
  A fire elemental (D:4)
  An orc warrior (D:7)
  2 phantoms
  An ogre (D:5)
  An ice beast (D:6)
  9 killer bees
  A hound (D:6)
  2 orc wizards
  6 crimson imps (D:5)
  3 jellies (D:5)
  4 iguanas
  2 worker ants (D:4)
  Terence (D:3)
  Robin (D:3)
  3 gnolls (D:6)
  9 adders
  2 worker ant zombies (D:5)
  An ooze (D:1)
  3 adder skeletons
  2 worms (D:2)
  7 giant geckos
  16 orcs
  3 giant cockroaches
  13 hobgoblins
  4 jackals (D:6)
  2 ball pythons (D:2)
  12 bats
  3 giant newts
  26 goblins
  13 kobolds
  A quokka skeleton (D:5)
  9 rats
169 creatures vanquished.

Vanquished Creatures (others)
  An orc wizard (D:5)
  A shadow imp (D:7)
2 creatures vanquished.

Grand Total: 171 creatures vanquished

Notes
Turn   | Place    | Note
--------------------------------------------------------------
     0 | D:1      | wvc, the Ogre Wanderer, began the quest for the Orb.
     0 | D:1      | wvc set off with: a wand of enslavement (15), a +0 falchion, a scroll of teleportation, a +0 robe, a bread ration
     0 | D:1      | Reached XP level 1. HP: 24/24 MP: 1/1
   341 | D:1      | Reached skill level 1 in Maces & Flails
   363 | D:1      | Reached XP level 2. HP: 27/33 MP: 2/2
   651 | D:1      | Reached XP level 3. HP: 40/40 MP: 3/3
  1296 | D:2      | Reached XP level 4. HP: 24/49 MP: 4/4
  1839 | D:3      | Noticed Terence
  1965 | D:3      | Killed Terence
  1965 | D:3      | Reached skill level 5 in Maces & Flails
  2174 | D:3      | Noticed Sigmund
  2181 | D:3      | Killed Sigmund
  2181 | D:3      | Reached skill level 7 in Maces & Flails
  2181 | D:3      | Reached XP level 5. HP: 25/55 MP: 5/5
  2181 | D:3      | Reached XP level 6. HP: 28/63 MP: 6/6
  2188 | D:3      | Noticed Robin
  2219 | D:3      | Killed Robin
  2219 | D:3      | Reached skill level 8 in Maces & Flails
  2837 | D:4      | Found a stormy altar of Qazlal.
  3250 | D:4      | Found a white marble altar of Elyvilon.
  3250 | D:4      | Found a snail-covered altar of Cheibriados.
  3252 | D:4      | Found a sparkling altar of Nemelex Xobeh.
  3252 | D:4      | Found a radiant altar of Vehumet.
  3253 | D:4      | Found an iron altar of Okawaru.
  3253 | D:4      | Found a deep blue altar of Sif Muna.
  3262 | D:4      | Became a worshipper of Warmaster Okawaru
  3619 | D:4      | Reached XP level 7. HP: 49/71 MP: 7/7
  3654 | D:4      | Reached skill level 9 in Maces & Flails
  4058 | D:4      | Found a burning altar of Makhleb.
  4058 | D:4      | Noticed a fire elemental
  4249 | D:4      | Killed a fire elemental
  4249 | D:4      | Reached skill level 10 in Maces & Flails
  4897 | D:5      | Entered Level 5 of the Dungeon
  4903 | D:5      | Acquired Okawaru's first power
  5051 | D:5      | Reached skill level 11 in Maces & Flails
  5051 | D:5      | Reached XP level 8. HP: 53/79 MP: 8/8
  6339 | D:5      | Noticed Grinder
  6355 | D:5      | Killed Grinder
  6355 | D:5      | Reached skill level 12 in Maces & Flails
  7411 | D:6      | Reached skill level 5 in Fighting
  7415 | D:6      | Reached skill level 13 in Maces & Flails
  7415 | D:6      | Reached XP level 9. HP: 65/88 MP: 6/9
  8015 | D:6      | Found a shattered altar of Ashenzari.
  8309 | D:7      | Reached skill level 14 in Maces & Flails
  8327 | D:7      | Killed from afar by an orc priest

Action                   |  1- 3 |  4- 6 |  7- 9 || total
-------------------------+-------+-------+-------++-------
Melee: Falchion          |    15 |       |       ||    15
       Whip              |   107 |   150 |   147 ||   404
       Giant club        |       |       |   198 ||   198
Invok: Heroism           |       |       |     6 ||     6
Evoke: Wand              |       |       |     1 ||     1
  Use: Scroll            |     4 |     5 |     2 ||    11
       Potion            |     2 |     2 |       ||     4
 Stab: Sleeping          |       |     1 |       ||     1
       Fleeing           |       |       |     1 ||     1
  Eat: Bread ration      |     1 |       |       ||     1
       Fruit             |       |     2 |     3 ||     5
       Chunk             |       |     1 |     6 ||     7
       Pizza             |       |     1 |       ||     1
       Royal jelly       |       |       |     1 ||     1
       Meat ration       |       |       |     1 ||     1
